 Dungeon Crawl Stone Soup version 0.29-a0-451-gfbfa42419e (webtiles) character file.

Game seed: 9720173898688277356

1554 jimonade the Ogre Mage (level 8, -26/83 HPs)
             Began as an Ogre Ice Elementalist on May 19, 2022.
             Was an Initiate of Vehumet.
             Killed from afar by an acid dragon (27 damage)
             ... with a splash of acid
             ... on level 7 of the Dungeon.
             The game lasted 00:22:57 (7819 turns).

jimonade the Ogre Mage (Ogre Ice Elementalist)      Turns: 7819, Time: 00:22:58

Health: -26/83     AC:  4    Str: 13    XL:     8   Next: 88%
Magic:  21/27      EV: 10    Int: 18    God:    Vehumet [......]
Gold:   294        SH:  0    Dex:  9    Spells: 12/21 levels left

rFire   . . .      SeeInvis .   x - +0 quarterstaff
rCold   + . .      Faith    .   (shield currently unavailable)
rNeg    . . .      Spirit   .   n - +1 animal skin
rPois   .          Reflect  .   (helmet restricted)
rElec   .          Harm     .   (no cloak)
rCorr   .          Rampage  .   (gloves unavailable)
Will    .....                   (boots unavailable)
Stlth   +.........              (no amulet)
HPRegen 0.23/turn               c - ring of magical power
MPRegen 0.20/turn               y - ring of protection from cold

@: lethally poisoned (-26 -> -36)
A: large, unfitting armour, tough skin 1
a: Renounce Religion


You were on level 7 of the Dungeon.
You worshipped Vehumet.
Vehumet was noncommittal.
You visited 2 branches of the dungeon, and saw 8 of its levels.

You collected 330 gold pieces.
You spent 36 gold pieces at shops.

Inventory:

Hand Weapons
 d - a +0 dagger
 g - a +0 short sword
 j - a +0 whip
 l - a +0 short sword
 m - a +1 spectral club
 p - a +0 triple crossbow
 r - a +0 spear
 s - a +1 vampiric war axe
 x - a +0 quarterstaff (weapon)
 E - a +0 giant spiked club
Missiles
 h - 191 stones
 t - a throwing net
 w - 6 poisoned darts
Armour
 a - +0 shadow dragon scales
 n - a +1 animal skin (worn)
Jewellery
 c - a ring of magical power (left hand)
 y - a ring of protection from cold (right hand)
 F - a ring of resist corrosion
Wands
 q - a wand of iceblast (8)
 G - a wand of digging (9)
Scrolls
 f - a scroll of amnesia
 i - 2 scrolls of poison
 k - a scroll of fog
 v - 2 scrolls of teleportation
 C - 2 scrolls of enchant armour
Potions
 b - 2 potions of magic
 e - 2 potions of haste
 o - 7 potions of curing
 u - a potion of mutation
 z - a potion of heal wounds
 A - a potion of might
 B - a potion of brilliance
 D - a potion of resistance
 H - 2 potions of degeneration {unknown}
 K - a potion of cancellation {unknown}


   Skills:
 * Level 6.1 Fighting
 + Level 2.0 Staves
 + Level 2.1 Dodging
 - Level 1.4 Stealth
 + Level 7.2 Spellcasting
 + Level 6.8 Ice Magic
 * Level 2.2 Poison Magic


You had 12 spell levels left.
You knew the following spells:

 Your Spells              Type           Power      Damage    Failure   Level
a - Freeze                Ice            100%       1d11      1%          1
b - Frozen Ramparts       Ice            62%        1d8       1%          3
c - Ozocubu's Armour      Ice            31%        N/A       1%          3
d - Poisonous Vapours     Pois/Air       20%        N/A       10%         2

Your spell library contained the following spells:

 Spells                   Type           Power      Damage    Failure   Level
 Sting                    Tmut/Pois      40%        1d5       7%          1
 Blink                    Tloc           12%        N/A       16%         2
 Sublimation of Blood     Necr           6%         N/A       16%         2
 Hailstorm                Conj/Ice       18%        3d6       26%         4
 Dazzling Flash           Conj/Hex       12%        N/A       32%         3
 Lesser Beckoning         Tloc           6%         N/A       32%         3
 Olgreb's Toxic Radiance  Pois           14%        N/A       38%         4
 Iskenderun's Mystic Bla  Conj/Tloc      6%         2d4       71%         4
 Petrify                  Tmut/Erth      6%         N/A       71%         4
 Irradiate                Conj/Tmut      3%         3d14      96%         5
 Manifold Assault         Tloc           6%         N/A       96%         5
 Starburst                Conj/Fire      3%         6d3       100%        6


Dungeon Overview and Level Annotations

Branches:
Dungeon (7/15)             Temple (1/1) D:6

Altars:
Ashenzari
Cheibriados
Dithmenos
Elyvilon
Fedhas
Gozag
Hepliaklqana
Kikubaaqudgha
Makhleb
Nemelex Xobeh
Okawaru
Qazlal
Ru
Sif Muna
Trog
Uskayaw
Vehumet
Wu Jian
Xom
Yredelemnul
The Shining One

Shops:
D:3 *   D:6 *!![(

Annotations:
D:3 Natasha


Innate Abilities, Weirdness & Mutations

You are too large for most types of armour.
You have tough skin. (AC +1)


Message History

Your scorpion stings the orc wizard but does no damage.
The orc warrior hits you from afar with a +2 glaive of venom.
You are poisoned.
The orc wizard casts a spell at you. The magic dart hits you.
The orc wizard hits your scorpion but does no damage.
You feel very sick.
Your scorpion closely misses the orc wizard.
The orc warrior hits you from afar with a +2 glaive of venom!!
* * * LOW HITPOINT WARNING * * *
You are more poisoned.
An acid dragon comes into view.
The necrophage hits your scorpion. The necrophage drains your scorpion.
The orc wizard barely misses your scorpion.
A phantom comes into view.
* * * LOW HITPOINT WARNING * * *
You feel very sick.
Your scorpion stings the orc wizard but does no damage.
The necrophage hits your scorpion but does no damage.
The orc wizard gestures at you while chanting.
The magic dart hits your scorpion.
Your scorpion closely misses the orc wizard.
The phantom moves out of view.
Unknown command.
* * * LOW HITPOINT WARNING * * *
You feel very sick.
The necrophage hits your scorpion but does no damage.
The orc wizard casts a spell at you. The puff of flame hits your scorpion!
Your scorpion dies!
Your scorpion's corpse dissolves into shadows!
* * * LOW HITPOINT WARNING * * *
You feel very sick.
The orc throws a boomerang.
The boomerang barely misses you.
The orc priest mumbles some strange prayers to Beogh against you.
Beogh smites you!
* * * LOW HITPOINT WARNING * * *
The acid dragon spits acid at you. The splash of acid hits you!!
You die...

######### #...[...#
########.......#
#......'.......#
##.######.......#
#.s.....#.############...
#..####.#.#######....'...
#..# #.#.....o...####...
#..# #<#...@.z.D.†......
#..# ###.......h...n....
#..# .[........#oo.#o..#.
#..# #####.#..#..o#...#..
#... #.#.#?.D#?..#...
#.#..#..W#...#..
#.#...#...#...#. #..
......


You could see a steam dragon, an orc warrior, an acid dragon (catching breath),
a phantom, a hound, a wight, an orc priest, an orc wizard and an orc.

Vanquished Creatures
  A water moccasin (D:7)
  3 ogres
  A phantom (D:6)
  A bullfrog (D:6)
  4 scorpions
  2 necrophages
  3 howler monkeys (D:5)
  2 orc priests (D:4)
  A hound (D:5)
  A jelly (D:5)
  4 iguanas
  2 orc wizards
  Natasha (D:3)
  Robin (D:2)
  6 gnolls
  7 adders
  A shadow imp (D:6)
  A white imp (D:5)
  An ufetubus (D:6)
  4 worms
  4 dart slugs
  9 orcs
  2 ball pythons (D:1)
  6 bats
  4 endoplasms
  2 giant cockroaches
  22 goblins
  11 hobgoblins
  3 jackals (D:3)
  6 quokkas
  9 frilled lizards
  7 kobolds
  8 rats
140 creatures vanquished.

Vanquished Creatures (collateral kills)
  An orc priest (D:7)
1 creature vanquished.

Vanquished Creatures (others)
  12 plants (D:3)
12 creatures vanquished.

Grand Total: 153 creatures vanquished

Notes
Turn   | Place    | Note
-------+----------+-------------------------------------------
     0 | D:1      | jimonade the Ogre Ice Elementalist began the quest for the
                  | Orb.
     0 | D:1      | Reached XP level 1. HP: 16/16 MP: 3/3
   272 | D:1      | Reached XP level 2. HP: 26/26 MP: 5/5
   556 | D:1      | Reached skill level 1 in Fighting
   778 | D:1      | Reached XP level 3. HP: 29/33 MP: 7/7
   907 | D:1      | Learned a level 3 spell: Frozen Ramparts
   911 | D:1      | Learned a level 3 spell: Ozocubu's Armour
  1363 | D:2      | Reached skill level 3 in Spellcasting
  1618 | D:2      | Found a hide-covered altar of Uskayaw.
  1635 | D:2      | Reached XP level 4. HP: 40/42 MP: 8/8
  1635 | D:2      | Noticed Robin
  1651 | D:2      | Killed Robin
  2744 | D:3      | Reached XP level 5. HP: 50/50 MP: 10/10
  2873 | D:3      | Reached skill level 4 in Spellcasting
  3074 | D:3      | Noticed Natasha
  3087 | D:3      | Killed Natasha
  3168 | D:3      | Found Sumis's General Store.
  3382 | D:3      | Noticed Natasha
  3395 | D:4      | Reached skill level 5 in Ice Magic
  3395 | D:4      | Reached XP level 6. HP: 55/61 MP: 9/12
  3821 | D:4      | Reached skill level 5 in Spellcasting
  3970 | D:4      | Reached XP level 7. HP: 68/68 MP: 14/14
  4438 | D:5      | Entered Level 5 of the Dungeon
  4802 | D:5      | Reached skill level 6 in Spellcasting
  5053 | D:5      | Reached skill level 5 in Fighting
  5094 | D:5      | Reached skill level 1 in Poison Magic
  5094 | D:5      | Reached XP level 8. HP: 29/80 MP: 15/17
  5417 | D:5      | Reached skill level 1 in Staves
  5758 | D:6      | Found Yram's Distillery.
  5766 | D:6      | Bought a potion of curing for 36 gold pieces
  5770 | D:6      | Found a staircase to the Ecumenical Temple.
  5782 | Temple   | Entered the Ecumenical Temple
  6344 | Temple   | Became a worshipper of Vehumet
  6640 | D:6      | Found Usont's Assorted Antiques.
  6799 | D:6      | Learned a level 2 spell: Poisonous Vapours
  7151 | D:6      | Found Xuetoykach's Distillery.
  7294 | D:6      | Found Toha's Armour Boutique.
  7342 | D:6      | Found Houptor's Antique Weapon Shoppe.
  7810 | D:7      | Reached skill level 7 in Spellcasting
  7819 | D:7      | HP: 1/83 [orc priest/divine providence (11)]
  7819 | D:7      | Killed from afar by an acid dragon

Illustrated notes

Levels and vault maps discovered:
D:1:      mrwooster_arrival_statue_2, layout_basic, serial_glass,
          glass_columns_c, glass_columns_a, dk_noncrumbling_2,
          amethyst_killhole, st_stairs_14
D:2:      layout_basic, basic_altar, minmay_randomly_rotated_circles, uniq_robin
D:3:      layout_basic, serial_shops, nicolae_diamond_shop,
          nicolae_grassy_gnolls, uniq_natasha
D:4:      layout_loops_cross
D:5:      nicolae_cairo_tiling_large, layout_loops_ring, minmay_starry_boxes
D:6:      layout_gridville, minmay_temple_entry_statues, serial_shops,
          nicolae_shop_stone, nicolae_shop_behind_doors, shop,
          nicolae_shop_temple_entry_statues_fountains,
          nicolae_shop_temple_entry_statues_fountains, nrook_pool_corridor,
          nrook_mini_backslash, minivault_1
D:7:      cheibrodos_fzero, layout_basic, nicolae_overflow_crystal_walls,
          enter_ossuary_3
Temple:   mainiacjoe_temple_starburst

Skill      XL: |  1  2  3  4  5  6  7  8 |
---------------+-------------------------+-----
Ice Magic      | 4 5 6 |  6.8
Fighting       | 1 2 3 5 6 |  6.1
Spellcasting   | 3 4 5 6 7 |  7.2
Poison Magic   | 1 2 |  2.2
Staves         | 2 |  2.0
Dodging        | 2 |  2.1
Stealth        | |  1.4

Action                   |  1- 3 |  4- 6 |  7- 9 || total
-------------------------+-------+-------+-------++-------
Melee: Unarmed           |     5 |       |       ||     5
       Dagger            |       |     6 |       ||     6
       Quarterstaff      |       |     4 |    62 ||    66
 Cast: Freeze            |    62 |    49 |    30 ||   141
       Frozen Ramparts   |     1 |    21 |    25 ||    47
       Ozocubu's Armour  |       |     3 |    18 ||    21
  Use: Scroll            |       |       |    16 ||    16
Armor: Robe              |    18 |     1 |       ||    19
       Animal skin       |       |    10 |    36 ||    46
Dodge: Dodged            |    30 |    11 |    39 ||    80

Table legend: (Time is in decaauts)
 A = Elapsed time spent in this place.
 B = Non-inter-level travel time spent in this place.
 C = Inter-level travel time spent in this place.
 D = Time resting spent in this place.
 E = Time spent auto-exploring this place.
 F = Levels seen in this place.
 G = Mean time per level.
                   A        B        C        D        E       F      G
               +--------+--------+--------+--------+--------+-----+--------+
         Total |   7833 |   7627 |    206 |    141 |   6041 |   8 |  979.1 |
       Dungeon |   7216 |   7104 |    112 |    141 |   5532 |   7 | 1030.9 |
        Temple |    616 |    522 |     94 |      0 |    509 |   1 |  616.0 |
               +--------+--------+--------+--------+--------+-----+--------+

Top non-repeatable levels by time:
     D:6: 1417 daAuts
     D:5: 1281 daAuts
     D:1: 1255 daAuts
     D:4: 1083 daAuts
     D:3: 1074 daAuts
     D:2: 1051 daAuts
  Temple: 616 daAuts
     D:7: 53 daAuts
